Workbook

Sheet Annex B
B1: EXPEDIENT | C1: SCS-2027-7 | D1: Subministrament de llums, torretes i sistema d'integració audiovisual pel bloc quirúrgic de l'Hospital Universitari Arnau de Vilanova | E1: EMPRESA | F1: Nom a emplenar per l'empresa
E2: NIF | F2: NIF a emplenar per l'empresa
E3: Correu electrònic | F3: Correu electrònic a emplenar per l'empresa
D6: INDICAR (MARCAR AMB UNA "X") SI ÉS OFERTA INDIVIDUAL O INTEGRADORA (per poder presentar oferta integradora s'ha d'haver ofertat també oferta individual)
D7: Oferta individual
D8: Oferta integradora
A12: Nº de lot | B12: Nom del lot | C12: Codi | D12: Descripció | E12: Quantitat | F12: Marca/model
A13: Lot 1 | B13: Torretes i llums quirúrgics HUAV | C13: 1590010500 | D13: Torreta d'anestèsia de doble secció | E13: 16 | F13: Marca/Model a emplenar per l'empresa
C14: 1590010600 | D14: Torreta quirúrgica de doble secció | E14: 16 | F14: Marca/Model a emplenar per l'empresa
C15: 1520010110 | D15: Llum quirúrgic amb braç portamonitor | E15: =28+2 -> 30 | F15: Marca/Model a emplenar per l'empresa
C16: 1520010130 | D16: Llum quirúrgic amb braç per pantalla de protecció plomada | E16: 2 | F16: Marca/Model a emplenar per l'empresa
C17: 1590011300 | D17: Braç motoritzat suspès a sostre per a monitor (fins a 60") | E17: 2 | F17: Marca/Model a emplenar per l'empresa
C18: 1590010701 | D18: Càmera de vídeo per a quiròfan | E18: 5 | F18: Marca/Model a emplenar per l'empresa
A19: Lot 2 | B19: Sistema d'integració audiovisual de quiròfans HUAV | C19: 7718010400 | D19: Sistema d'integració audiovisual de quiròfans amb gravació | E19: 16 | F19: Marca/Model a emplenar per l'empresa
D22: Anar a la llegenda de grups de criteris a valorar

Sheet 1590010500
A1: 1590010500 | B1: Torreta d'anestèsia de doble secció
A2: ='Annex B'!C1 -> SCS-2027-7 | B2: EMPRESA | C2: ='Annex B'!F1 -> Nom a emplenar per l'empresa
B3: NIF | C3: ='Annex B'!F2 -> NIF a emplenar per l'empresa
B4: Correu electrònic | C4: ='Annex B'!F3 -> Correu electrònic a emplenar per l'empresa
A5: Nota: a la columna "Índex documental", cal indicar la ubicació exacta a la documentació aportada (full, apartat, etc.) on es troben les característiques tècniques així com, si es requereix, el servei tècnic i les condicions de manteniment. A la columna "Característiques específiques (Descripció breu)" cal afegir una breu descripció i els valors, rangs o quantitats que demana cada ítem de la fitxa tècnica.
B6: Definició | E6: Característiques específiques (Descripció breu) | F6: Índex documental
B7: Definició
B8: Torreta per a procediments quirúrgics anestèsics d'un braç de doble secció, amb opció de creixement a la primera secció per un segon braç per penjar altre equipament mèdic.
B9: Previsió d'entrega per anualitat: 2027: 13 torretes i tots els ancoratges a sostre (16) 2028: 3 torretes
B10: Cal incloure el catàleg complet d'accessoris compatibles amb l'equip i opcions, indicant el preu unitari s/IVA
B11: L'adjudicatari d'aquest element s'haurà de coordinar amb l'adjudicatari del sistema d'integració i audiovisuals per tal de garantir el pas de cablejat dins de les torres, i amb el del panell tècnic per tal de deixar l'espai i cablejat necessari per al mateix.
B12: L'adjudicatari de l'equip haurà de coordinar-se amb l'obra i altres empreses adjudicatàries d'equipament amb interferència amb obra en el moment de la instal·lació, per garantir la correcta instal·lació del conjunt d'equipament i un òptim funcionament assistencial.
B13: Un cop signat el contracte es farà una primera reunió de coordinació entre adjudicatari i obra per establir els requeriments de preinstal·lació de l'equip que afecten a l'obra. Si en el moment d'instal·lar l'equip cal fer adequacions a la sala i aquestes no es van especificar a la reunió de coordinació, les haurà d'assumir l'adjudicatari.
B14: Adjuntar certificat CE
B15: Indicar marca i model | E15: ='Annex B'!F13 -> Marca/Model a emplenar per l'empresa
B17: Prestacions tècniques i funcionals | C17: Grup de criteri | D17: Puntuació màxima | E17: Característiques específiques (Descripció breu) | F17: Índex documental
B18: 1.1 Dades bàsiques per a totes les torretes i descripció especificitats | D18: =SUM(D19:D64) -> 8.5
B19: Característiques d'obligat compliment: les ofertes que no compleixin tots els requisits obligatoris quedaran excloses
A20: 1 | B20: Totes les configuracions d'ancoratge cal que es limitin en el seu gir per no malmetre la part estructural de la sala
A21: =A20+1 -> 2 | B21: Cal que les torretes vinguin de fàbrica muntades amb preses de corrent amb la seva presa d'equipotencialitat corresponent i RJ45, gasos i tapes cegues per a poder incloure posteriorment les connexions del sistema d'integració (fibra òptica)
A22: =A21+1 -> 3 | B22: Els tipus de connexió de presa ha de ser tipus CM (Carburos Metálicos)
A23: =A22+1 -> 4 | B23: Les torretes han d'estar fabricades amb un material adient per tal d'evitar la corrosió (indicar tipus de material)
A24: =A23+1 -> 5 | B24: Cal disposar d'un sistema adient de recollida de cables per a una bona neteja (sistema d'oclusió de cablejat, ...). Adjuntar documentació gràfica
A25: =A24+1 -> 6 | B25: Les torretes han de permetre la instal·lació de connexions addicionals
A26: =A25+1 -> 7 | B26: Les torretes han de tenir un braç de doble secció articulat i una consola (cos de la torreta)
A27: =A26+1 -> 8 | B27: Les torretes han d'estar proveïdes amb un sistema de fre electromagnètic a les articulacions
A28: =A27+1 -> 9 | B28: Qualsevol font d'alimentació/targetes electròniques de control, etc., s'han de muntar en un espai de fàcil accés al costat dels quadres elèctrics o integrades en la columna (cal adjuntar imatge de la zona de la columna), en cap cas al fals sostre del quiròfan.
A29: =A28+1 -> 10 | B29: S'haurà de garantir un espai lliure de com a mínim 115mm de diàmetre en l'espai interior de les torres en el seu punt més estret per tal de permetre el pas de cablejat addicional corresponent a sistemes de comunicacions i videoconferència (cal presentar documentació justificativa)
A30: =A29+1 -> 11 | B30: Cal indicar angle de gir de la secció secundària sobre la principal
A31: =A30+1 -> 12 | B31: Cal indicar angle de gir de l'eix de la columna de connexions
A32: =A31+1 -> 13 | B32: El pes de càrrega suportat al punt més extrem del braç doble ha de ser superior a 90 kg descomptant el pes de la consola i la lleixa
A33: =A32+1 -> 14 | B33: Cal que incorpori sistema d'il·luminació ambient
B34: Torreta d'anestèsia
A35: =A33+1 -> 15 | B35: Formada per:
A36: =A35+1 -> 16 | B36: Braç articulat de doble secció, les dimensions dels quals hauran de garantir l'accés als subministraments des del cap del pacient fins al punt mig de la taula.
A37: =A36+1 -> 17 | B37: El conjunt de les seccions ha de ser de 1.800 mm de longitud aprox.
A38: =A37+1 -> 18 | B38: La consola amb totes les connexions ha de ser de 800mm aprox. Ha de disposar de 4 panells lateral per a la col·locació de connexions mínim i un sistema de 4 carrils verticals continus per a fixar accessoris i lleixes a l’alçada adequada.
B39: El cos de la torreta ha d'incloure els següents accessoris:
A40: =A38+1 -> 19 | B40: Adaptador per a muntar el monitor de l'anestesista en els 4 carrils continus verticals amb una capacitat de càrrega de 20kg
A41: =A40+1 -> 20 | B41: 2 barres tècniques DIN (10x25) de 400mm aprox. amb un sistema de fixació mecànic per a muntar-les lliurement en els carrils verticals, amb una capacitat de càrrega de 30kg
A42: =A41+1 -> 21 | B42: 1 barra tècnica DIN (10x25) de 400mm aprox. amb dos sistemes de fixació mecànica per a muntar-la lliurement en 2 carrils verticals amb una capacitat de càrrega de 30kg
A43: =A42+1 -> 22 | B43: 2 barres tècniques DIN (10x25) de 400mm aprox. amb dos sistemes de fixació mecànica per a muntar-la lliurement a la cara del darrere en 2 carrils verticals amb una capacitat de càrrega de 30kg
A44: =A43+1 -> 23 | B44: 1 safata de 680x450mm aprox. amb calaix i amb barres tècniques DIN (10x25 mm) als laterals, acabats arrodonits i proteccions antixocs. Totalment estanc i de fàcil neteja, sense racons. Amb nansa i sistema d’alliberament dels frens i possibilitat d’ajustar l’alçada per al carril vertical continu sense que es vegin cables.
A45: =A44+1 -> 24 | B45: Sistema de "doble braç" articulat amb 1 porta bombes i 1 pal de sèrum telescòpic, d'aproximadament 1m de longitud cadascun, amb possibilitat de muntatge a qualsevol alçada en un dels 4 carrils verticals continus via dos sistemes de fixació mecànics. Distància entre el carril i cadascun dels pals aproximadament 300+300mm. Capacitat de càrrega mínima de 50kg. El porta bombes ha de tenir 4 ganxos alineats horitzontalment a la part superior.
A46: =A45+1 -> 25 | B46: 1 braç ordinador "all in one" de 21", alçada variable. Doble braç 400+300 mm aprox. Fixació mecànica i adaptador VESA 75/100 amb inclinació i rotació. Capacitat de càrrega de mínima de 14 kg aprox. També ha d’incloure suport de teclat amb lloc per al ratolí tant a esquerra com a dreta, amb capacitat de càrrega d'almenys 5 kg. Possibilitat de muntar a qualsevol alçada dels 4 carrils verticals continus
A47: =A46+1 -> 26 | B47: Adaptador per al sistema GCX amb un sistema de fixació mecànica per posteriors ampliacions.
A48: =A47+1 -> 27 | B48: 2 preses d'oxigen
A49: =A48+1 -> 28 | B49: 3 presa d'aire medicinal
A50: =A49+1 -> 29 | B50: 2 presa de buit
A51: =A50+1 -> 30 | B51: 1 presa CO2
A52: =A51+1 -> 31 | B52: 1 presa per a extracció de gasos medicinals EGA amb aire medicinal o aire motriu, en funció de les necessitats del centre
... A57: =A56+1 -> 36 | B57: 6 espais lliures mínims per columna (tapes cegues) que permetin el creixement del sistema
B58: Característiques a valorar
A59: =A57+1 -> 37 | B59: Major dotació de tapes cegues per a futures ampliacions, superior a la demanada | C59: FTA | D59: 1
A60: =A59+1 -> 38 | B60: Cos de la torreta amb forma trapezoidal, amb angle entre el frontal i els laterals superior a 90º per facilitar el connexionat | C60: ANA, E | D60: 1.5
A61: =A60+1 -> 39 | B61: Major espai lliure interior par a pas d'instal·lacions | C61: ANA, E | D61: 1.5
A62: =A61+1 -> 40 | B62: Carrils verticals continus en relleu per a facilitar la neteja evitant l’acumulació de brutícia en racons. | C62: FTA, ANA | D62: 1
A63: =A62+1 -> 41 | B63: Els frens electromagnètics es desactivaran des de les subjeccions de la columna, sense botons ni cables, permetent moure el conjunt amb una sola mà. S'han de poder desactivar amb els guants posats (sensor capacitiu). Possibilitat de frenar de forma independent la biga superior. | C63: FTA | D63: 2
A64: =A63+1 -> 42 | B64: Carrils verticals electrificats a 24 V que permetin fixar accessoris (lleixes, riells, etc..) mitjançant cargols metàl·lics a qualsevol alçada sense que es vegi el cablejat | C64: FTA | D64: 1.5
B65: 1.2. Documentació gràfica i de pre-instal·lacions | D65: =SUM(D66:D77) -> 1.5
B66: Característiques d'obligat compliment: les ofertes que no compleixin tots els requisits obligatoris quedaran excloses
A67: =A64+1 -> 43 | B67: S'adjunta amb la documentació de la licitació un plànol base de l'àrea quirúrgica en format CAD, PDF i 3D. Per part de les empreses, cal aportar un plànol en PDF amb la implantació de l'equipament ofert als espais on anirà instal·lat. S'han de poder apreciar les alçades, dimensions, radis de gir, possibles col·lisions, visió del personal a l'interior de les sales i altres elements existents a la sala. Presentar proposta d'implantació.
A68: =A67+1 -> 44 | B68: Cal incloure documentació gràfica de tots els elements descrits anteriorment
A69: =A68+1 -> 45 | B69: Esquema de la torreta de subministraments amb el detall dels diferents tipus de preses i la seva posició a la columna
A70: =A69+1 -> 46 | B70: Cal incloure plànols o esquemes d’instal·lació estàndard
A71: =A70+1 -> 47 | B71: Cal incloure un plànol de detall de l'ancoratge estàndard del sistema al sostre i solució d'acabat de l'embellidor
A72: =A71+1 -> 48 | B72: En cas que fos necessari obrir el fas sostre per la instal·lació, l'adjudicatari es farà càrrec del tancament de sostre i col·locació del embellidor
A73: =A72+1 -> 49 | B73: Detall de la distribució i ordenació del cablejat interior
A74: =A73+1 -> 50 | B74: Estaran incloses totes les instal·lacions i actuacions necessàries per a la seva instal·lació (gasos, electricitat, ancoratges a sostre...), incloent-hi les proves de pressió, estanquitat, anàlisi i coincidència de les preses de gasos amb les seves respectives canonades.
B75: Característiques a valorar
A76: =A74+1 -> 51 | B76: Inclusió d'arxiu de simulació tridimensional (no imatges) | C76: MP, E | D76: 0.25
A77: =A76+1 -> 52 | B77: Millor implantació del sistema. Detall i contingut del planning del qual es desprèn la proposta que s'ofereix. | C77: IAE, E | D77: 1.25
B79: Servei tècnic durant el període de garantia comercial i legal | C79: Grup de criteri | D79: Puntuació màxima | E79: Característiques específiques (Descripció breu) | F79: Índex documental
B80: Servei tècnic durant el període de garantia | D80: =SUM(D81:D85) -> 0.75
B81: Característiques d'obligat compliment: les ofertes que no compleixin tots els requisits obligatoris quedaran excloses
A82: =A77+1 -> 53 | B82: Veure Annex T2. Condicions d'instal·lació
B83: Característiques a valorar
A84: =A82+1 -> 54 | B84: Millora de l'horari d'atenció del servei tècnic en dies laborables/festius | C84: QSPV | D84: 0.25
A85: =A84+1 -> 55 | B85: Ubicació i disponibilitat de tècnics especialitzats en l'equip | C85: QSPV | D85: 0.5
B87: ATENCIÓ: Al sobre B NO s'ha de mencionar la informació relativa als criteris que s'avaluen al sobre C
F88: Anar al full Annex B

Sheet 1590010600
A1: 1590010600 | B1: Torreta quirúrgica de doble secció
A2: ='Annex B'!C1 -> SCS-2027-7 | B2: EMPRESA | C2: ='Annex B'!F1 -> Nom a emplenar per l'empresa
B3: NIF | C3: ='Annex B'!F2 -> NIF a emplenar per l'empresa
B4: Correu electrònic | C4: ='Annex B'!F3 -> Correu electrònic a emplenar per l'empresa
A5: Nota: a la columna "Índex documental", cal indicar la ubicació exacta a la documentació aportada (full, apartat, etc.) on es troben les característiques tècniques així com, si es requereix, el servei tècnic i les condicions de manteniment. A la columna "Característiques específiques (Descripció breu)" cal afegir una breu descripció i els valors, rangs o quantitats que demana cada ítem de la fitxa tècnica.
B6: Definició | E6: Característiques específiques (Descripció breu) | F6: Índex documental
B7: Definició
B8: Torreta per a procediments quirúrgics amb braç de doble secció, amb opció de creixement a la primera secció per un segon braç per penjar altre equipament mèdic
B9: Previsió d'entrega per anualitat: 2027: 13 torretes i tots els ancoratges a sostre (16) 2028: 3 torretes
B10: Cal incloure el catàleg complet d'accessoris compatibles amb l'equip i opcions, indicant el preu unitari s/IVA
B11: L'adjudicatari d'aquest element s'haurà de coordinar amb l'adjudicatari del sistema d'integració i audiovisuals per tal de garantir el pas de cablejat dins de les torres, i amb el del panell tècnic per tal de deixar l'espai i cablejat necessari per al mateix.
B12: L'adjudicatari de l'equip haurà de coordinar-se amb l'obra i altres empreses adjudicatàries d'equipament amb interferència amb obra en el moment de la instal·lació, per garantir la correcta instal·lació del conjunt d'equipament i un òptim funcionament assistencial.
B13: Un cop signat el contracte es farà una primera reunió de coordinació entre adjudicatari i obra per establir els requeriments de preinstal·lació de l'equip que afecten a l'obra. Si en el moment d'instal·lar l'equip cal fer adequacions a la sala i aquestes no es van especificar a la reunió de coordinació, les haurà d'assumir l'adjudicatari.
B14: Adjuntar certificat CE
B15: Indicar marca i model | E15: ='Annex B'!F14 -> Marca/Model a emplenar per l'empresa
B17: Prestacions tècniques i funcionals | C17: Grup de criteri | D17: Puntuació màxima | E17: Característiques específiques (Descripció breu) | F17: Índex documental
B18: 1.1 Dades bàsiques per a totes les torretes i descripció especificitats | D18: =SUM(D19:D60) -> 8.5
B19: Característiques d'obligat compliment: les ofertes que no compleixin tots els requisits obligatoris quedaran excloses
A20: 1 | B20: Totes les configuracions d'ancoratge cal que es limitin en el seu gir per no malmetre la part estructural de la sala
A21: =A20+1 -> 2 | B21: Cal que les torretes vinguin de fàbrica muntades amb preses de corrent amb la seva presa d'equipotencialitat corresponent i RJ45, gasos i tapes cegues per a poder incloure posteriorment les connexions del sistema d'integració (fibra òptica)
A22: =A21+1 -> 3 | B22: Els tipus de connexió de presa ha de ser tipus CM (Carburos Metálicos)
A23: =A22+1 -> 4 | B23: Les torretes han d'estar fabricades amb un material adient per tal d'evitar la corrosió (indicar tipus de material)
A24: =A23+1 -> 5 | B24: Cal disposar d'un sistema adient de recollida de cables per a una bona neteja (sistema d'oclusió de cablejat, ...). Adjuntar documentació gràfica
A25: =A24+1 -> 6 | B25: Les torretes han de permetre la instal·lació de connexions addicionals
A26: =A25+1 -> 7 | B26: Les torretes han de tenir un braç de doble secció articulat i una consola (cos de la torreta)
A27: =A26+1 -> 8 | B27: Les torretes han d'estar proveïdes amb un sistema de fre electromagnètic a les articulacions
A28: =A27+1 -> 9 | B28: Qualsevol font d'alimentació/targetes electròniques de control, etc., s'han de muntar en un espai de fàcil accés al costat dels quadres elèctrics o integrades en la columna (cal adjuntar imatge de la zona de la columna), en cap cas al fals sostre del quiròfan.
A29: =A28+1 -> 10 | B29: S'haurà de garantir un espai lliure de com a mínim de 115mm de diàmetre de l'espai interior de les torres en el seu punt més estret per tal de permetre el pas de cablejat addicional per a sistemes de comunicacions i videoconferència (cal presentar documentació justificativa)
A30: =A29+1 -> 11 | B30: Cal indicar angle de gir de la secció secundària sobre la principal
A31: =A30+1 -> 12 | B31: Cal indicar angle de gir de l'eix de la columna de connexions
A32: =A31+1 -> 13 | B32: El pes de càrrega suportat al punt més extrem del braç doble ha de ser superior a 90 kg descomptant el pes de la consola i la lleixa
B33: Torreta de cirurgia
A34: =A32+1 -> 14 | B34: Formada per:
A35: =A34+1 -> 15 | B35: Braç articulat de doble secció, les dimensions dels quals hauran de garantir l'accés als subministraments des dels peus del pacient fins al punt mig de la taula.
A36: =A35+1 -> 16 | B36: El conjunt de les seccions ha de ser de 1.800 mm de longitud aprox.
A37: =A36+1 -> 17 | B37: La consola amb totes les connexions ha de ser de 1.200mm aprox. Ha de disposar de 4 panells lateral per a la col·locació de connexions mínim i un sistema de 4 carrils verticals continus per a fixar accessoris i lleixes a l’alçada adequada.
B38: El cos de la torreta ha d'incloure els següents accessoris:
A39: =A37+1 -> 18 | B39: 2 barres tècniques DIN (10x25) de 400mm aprox. amb un sistema de fixació mecànic per a muntar-les lliurement en els carrils verticals amb una capacitat de càrrega de 30 kg
A40: =A39+1 -> 19 | B40: 2 barres tècniques DIN (10x25) de 400mm aprox. amb dos sistemes de fixació mecànica per a muntar-les lliurement en 2 carrils verticals amb una capacitat de càrrega de 30 kg
A41: =A40+1 -> 20 | B41: 2 safates de 680x450mm aprox., amb barres tècniques DIN (10x25 mm) als laterals, acabats arrodonits i proteccions antixocs. Totalment estancs i de fàcil neteja sense racons.
A42: =A41+1 -> 21 | B42: 1 safata de 680x450mm aprox. Totalment estanc i de fàcil neteja, sense racons. Amb nansa i sistema d’alliberament dels frens i possibilitat d’ajustar l’alçada per al carril vertical continu sense que es vegin cables.
A43: =A42+1 -> 22 | B43: 1 safata de 680x450mm aprox. amb calaix i amb barres tècniques DIN (10x25 mm) als laterals. Acabats arrodonits i proteccions antixocs. Totalment estancs i de fàcil neteja sense racons.
A44: =A43+1 -> 23 | B44: 2 preses d'oxigen
A45: =A44+1 -> 24 | B45: 3 presa d'aire medicinal (5 bar)
A46: =A45+1 -> 25 | B46: 2 presa de buit
A47: =A46+1 -> 26 | B47: 2 presa CO2
A48: =A47+1 -> 27 | B48: 1 presa per a extracció de gasos medicinals EGA amb aire medicinal o aire motriu, en funció de les necessitats del centre
A49: =A48+1 -> 28 | B49: 12 preses elèctriques cablejades com a màxim en grups de 4 de 220V/10A
A50: =A49+1 -> 29 | B50: 2 preses d'equipotencialitat
A51: =A50+1 -> 30 | B51: 2 RJ45 (dobles) Cat 6A
... A53: =A52+1 -> 32 | B53: 6 espais lliures mínims per columna (tapes cegues) que permetin el creixement del sistema
B54: Característiques a valorar
A55: =A53+1 -> 33 | B55: Major dotació de preses informàtiques i elèctriques, superior a la demanada | C55: FTA | D55: 1
A56: =A55+1 -> 34 | B56: Cos de la torreta amb forma trapezoidal, amb angle entre el frontal i els laterals superior a 90º per facilitar el connexionat | C56: ANA, E | D56: 1.5
A57: =A56+1 -> 35 | B57: Major espai lliure interior par a pas d'instal·lacions | C57: ANA, E | D57: 1.5
A58: =A57+1 -> 36 | B58: Carrils verticals continus en relleu per a facilitar la neteja evitant l’acumulació de brutícia en racons. | C58: FTA, ANA | D58: 1
A59: =A58+1 -> 37 | B59: Els frens electromagnètics es desactivaran des de les subjeccions de la columna, sense botons ni cables, permetent moure el conjunt amb una sola mà. S'han de poder desactivar amb els guants posats (sensor capacitiu). Possibilitat de frenar de forma independent la biga superior. | C59: FTA | D59: 2
A60: =A59+1 -> 38 | B60: Carrils verticals electrificats a 24 V que permetin fixar accessoris (lleixes, riells, etc..) mitjançant cargols metàl·lics a qualsevol alçada sense que es vegi el cablejat | C60: FTA | D60: 1.5
B61: 1.2. Documentació gràfica i de pre-instal·lacions | D61: =SUM(D62:D73) -> 1.5
B62: Característiques d'obligat compliment: les ofertes que no compleixin tots els requisits obligatoris quedaran excloses
A63: =A60+1 -> 39 | B63: S'adjunta amb la documentació de la licitació un plànol base de l'àrea quirúrgica en format CAD, PDF i 3D. Per part de les empreses, cal aportar un plànol en PDF amb la implantació de l'equipament ofert als espais on anirà instal·lat. S'han de poder apreciar les alçades, dimensions, radis de gir, possibles col·lisions, visió del personal a l'interior de les sales i altres elements existents a la sala. Presentar proposta d'implantació.
A64: =A63+1 -> 40 | B64: Cal incloure documentació gràfica de tots els elements descrits anteriorment
A65: =A64+1 -> 41 | B65: Esquema de la torreta de subministraments amb el detall dels diferents tipus de preses i la seva posició a la columna
A66: =A65+1 -> 42 | B66: Cal incloure plànols o esquemes d’instal·lació estàndard
A67: =A66+1 -> 43 | B67: Cal incloure un plànol de detall de l'ancoratge estàndard del sistema al sostre i solució d'acabat de l'embellidor
A68: =A67+1 -> 44 | B68: En cas que fos necessari obrir el fas sostre per la instal·lació, l'adjudicatari es farà càrrec del tancament de sostre i col·locació del embellidor
A69: =A68+1 -> 45 | B69: Detall de la distribució i ordenació del cablejat interior
A70: =A69+1 -> 46 | B70: Estaran incloses totes les instal·lacions i actuacions necessàries per a la seva instal·lació (gasos, electricitat, ancoratges a sostre...), incloent-hi les proves de pressió, estanquitat, anàlisi i coincidència de les preses de gasos amb les seves respectives canonades.
B71: Característiques a valorar
A72: =A70+1 -> 47 | B72: Inclusió d'arxiu de simulació tridimensional (no imatges) | C72: MP, E | D72: 0.25
A73: =A72+1 -> 48 | B73: Millor implantació del sistema. Detall i contingut del planning del qual es desprèn la proposta que s'ofereix. | C73: IAE, E | D73: 1.25
B75: Servei tècnic durant el període de garantia comercial i legal | C75: Grup de criteri | D75: Puntuació màxima | E75: Característiques específiques (Descripció breu) | F75: Índex documental
B76: Servei tècnic durant el període de garantia | D76: =SUM(D77:D81) -> 0.75
B77: Característiques d'obligat compliment: les ofertes que no compleixin tots els requisits obligatoris quedaran excloses
A78: =A73+1 -> 49 | B78: Veure Annex T2. Condicions d'instal·lació
B79: Característiques a valorar
A80: =A78+1 -> 50 | B80: Millora de l'horari d'atenció del servei tècnic en dies laborables/festius | C80: QSPV | D80: 0.25
A81: =A80+1 -> 51 | B81: Ubicació i disponibilitat de tècnics especialitzats en l'equip | C81: QSPV | D81: 0.5
B83: ATENCIÓ: Al sobre B NO s'ha de mencionar la informació relativa als criteris que s'avaluen al sobre C
F84: Anar al full Annex B

Sheet 1520010110
A1: 1520010110 | B1: Llum quirúrgic amb braç portamonitor
A2: ='Annex B'!C1 -> SCS-2027-7 | B2: EMPRESA | C2: ='Annex B'!F1 -> Nom a emplenar per l'empresa
B3: NIF | C3: ='Annex B'!F2 -> NIF a emplenar per l'empresa
B4: Correu electrònic | C4: ='Annex B'!F3 -> Correu electrònic a emplenar per l'empresa
A5: Nota: a la columna "Índex documental", cal indicar la ubicació exacta a la documentació aportada (full, apartat, etc.) on es troben les característiques tècniques així com, si es requereix, el servei tècnic i les condicions de manteniment. A la columna "Característiques específiques (Descripció breu)" cal afegir una breu descripció i els valors, rangs o quantitats que demana cada ítem de la fitxa tècnica.
B6: Definició | E6: Característiques específiques (Descripció breu) | F6: Índex documental
B7: Definició
B8: Llum quirúrgic de 150.000 lux suspès a sostre amb braç porta monitor de 32". De les trenta (30) unitats, sis (6) han de permetre la cirurgia guiada per fluorescència.
B9: Previsió d'entrega per anualitat: 2027: 18 llums amb braç portamonitor i tots els ancoratges a sostre (30). 2 dels llums, amb fluorescència. 2028: 12 llums amb braç portamonitor. 4 dels llums, amb fluorescència
B10: Cal incloure el catàleg complet d'accessoris compatibles amb l'equip i opcions, indicant el preu unitari s/IVA
B11: L'adjudicatari d'aquest element s'haurà de coordinar amb l'adjudicatari del sistema d'integració i audiovisuals per tal de garantir el pas de cablejat dins dels llums, i amb el del panell tècnic per tal de deixar l'espai i cablejat necessari per al mateix.
B12: L'adjudicatari de l'equip haurà de coordinar-se amb l'obra i altres empreses adjudicatàries d'equipament amb interferència amb obra en el moment de la instal·lació, per garantir la correcta instal·lació del conjunt d'equipament i un òptim funcionament assistencial.
B13: Un cop signat el contracte es farà una primera reunió de coordinació entre adjudicatari i obra per establir els requeriments de preinstal·lació de l'equip que afecten a l'obra. Si en el moment d'instal·lar l'equip cal fer adequacions a la sala i aquestes no es van especificar a la reunió de coordinació, les haurà d'assumir l'adjudicatari.
B14: Adjuntar certificat CE
B15: Indicar marca i model | E15: ='Annex B'!F15 -> Marca/Model a emplenar per l'empresa
B17: Prestacions tècniques i funcionals | C17: Grup de criteri | D17: Puntuació màxima | E17: Característiques específiques (Descripció breu) | F17: Índex documental
B18: 1.1. Característiques tècniques | D18: =SUM(D19:D60) -> 13.25
B19: Característiques d'obligat compliment: les ofertes que no compleixin tots els requisits obligatoris quedaran excloses
B20: Braç per llum:
A21: 1 | B21: Braç articulat de doble secció amb arc cardànic amb rotació de 360º, sense fi en eix vertical
A22: =A21+1 -> 2 | B22: El conjunt de les seccions ha de ser de 1.800mm de longitud aprox.
A23: =A22+1 -> 3 | B23: Braç de resort amb alçada regulable en un rang igual o superior +45º/-45º aproximadament
B24: Llums quirúrgics:
A25: =A23+1 -> 4 | B25: Tecnologia LED
A26: =A25+1 -> 5 | B26: Llum amb disseny que eviti la formació d'ombres, dispersió i concentració del feix de llum (Cal indicar la luminància amb una màscara, amb dues màscares, amb tub, amb tub+ màscara, i amb tub + 2 mascares (% respecte el EC))
A27: =A26+1 -> 6 | B27: Indicar diàmetre de la cúpula
A28: =A27+1 -> 7 | B28: Sistema d'alimentació de la làmpada 220-230V, amb fonts d'alimentació fora del quiròfan
A29: =A28+1 -> 8 | B29: Rendiment lumínic dels LED d'aproximadament el 85% o superior, i garantit durant un mínim de 50.000 h
A30: =A29+1 -> 9 | B30: La regulació de la intensitat de llum ha de ser contínua dins del rang propi de cada làmpada, amb control d'intensitat des de la làmpada, almenys del 25% fins a la màxima intensitat. Indicar-ne els punts de control: Paret, integració al panell tècnic
A31: =A30+1 -> 10 | B31: El llum ofert ha de tenir una il·luminació a 1m d'aproximadament 150.000 lux nominals sostinguts com a mínim a rang de temperatura de color entre 3800 i 5000 ºK
A32: =A31+1 -> 11 | B32: Factor de reproducció del color de 95 (Ra) aproximadament
A33: =A32+1 -> 12 | B33: Índex de rendiment particular superior a 90 (Ra) aproximadament
A34: =A33+1 -> 13 | B34: Indicar nombre de LEDs per cúpula
A35: =A34+1 -> 14 | B35: Il·luminació ambient, per procediments que requereixin d'intensitat lluminosa atenuada. Indicar rang d'intensitat en lux
A36: =A35+1 -> 15 | B36: Irradiació màxima de calor a 1 m < 600 W/m2
A37: =A36+1 -> 16 | B37: Relació calor-llum ≤ 5 mW/m2.lux
... A40: =A39+1 -> 19 | B40: S'haurà d'incloure preinstal·lació per càmera a cada làmpada, amb connexió sense fils. Ubicació de la càmera centrada, preferiblement
B41: Braç per monitor:
A42: =A40+1 -> 20 | B42: Braç articulat de doble secció amb arc cardànic amb rotació d'aproximadament 270º
A43: =A42+1 -> 21 | B43: El conjunt de les seccions ha de ser de 2.200mm de longitud aprox.
A44: =A43+1 -> 22 | B44: Braç de resort amb alçada regulable en un rang igual o superior +40º/-65º aproximadament
A45: =A44+1 -> 23 | B45: Els materials han de ser resistents, de fàcil neteja i amb els cantells arrodonits
A46: =A45+1 -> 24 | B46: S'ha d'incloure joc de dos mànecs esterilitzables per braç
A47: =A46+1 -> 25 | B47: El sistema ha de ser ergonòmic, ha de disposar d’un ajust dinàmic dels moviments de forma suau i frens per fricció. Ha de tenir un mànec esterilitzable, al lateral del monitor (estructura del braç)
A48: =A47+1 -> 26 | B48: Ha de poder suportar monitors amb suport VESA 100 de 32" i 20kg com a mínim.
A49: =A48+1 -> 27 | B49: Ha de permetre la inclinació -40º/+85º aprox. i rotació sobre el seu eix 300º aprox.
A50: =A49+1 -> 28 | B50: La part posterior del monitor ha de quedar neta de cablatge per facilitar la neteja a l'entorn quirúrgic
B51: Característiques a valorar
A52: =A50+1 -> 29 | B52: Possibilitat d'incloure braços addicionals sense desmuntar cap element, ni obrir el sostre al mateix tub on s’han muntat la làmpada amb el portamonitor/pantalla plomada (inclusió del mecanisme, no braç). Explicar procediment. | C52: FTA, ANA | D52: 1.5
A53: =A52+1 -> 30 | B53: Major dotació de mànecs esterilitzables amb vapor a 135º (4 jocs per cúpula) | C53: ANA | D53: 0.75
A54: =A53+1 -> 31 | B54: Major durabilitat garantida dels elements LED i els seus elements de control, respecte a la mínima establerta | C54: RCV | D54: 1.75
A55: =A54+1 -> 32 | B55: Màxima atenuació de la funció de llum ambient per major adequació a cirurgies endoscòpiques, 500 lux o inferior | C55: FTA, ANA | D55: 1
A56: =A55+1 -> 33 | B56: Major temps de funcionament a la màxima potència sense pèrdua de capacitat lumínica (hores) | C56: FTA | D56: 1.25
A57: =A56+1 -> 34 | B57: Millor posicionament i versatilitat de la càmera. Incloure descripció i documentació gràfica. | C57: E, ANA | D57: 0.75
A58: =A57+1 -> 35 | B58: Capacitat de control des del sistema d'integració. Indicar amb quins sistemes d'integració del mercat és compatible. | C58: CSI | D58: 1.75
A59: =A58+1 -> 36 | B59: Pels llums amb fluorescència: Sistema automàtic de monitorització i regulació de la luminància a la zona de treball per tal d'evitar variacions brusques i enlluernaments | C59: FTA | D59: 1.75
A60: =A59+1 -> 37 | B60: Pels llums amb fluorescència: Làmpades equipades amb un filtre que permeti treballar amb llum blanca i el verd indocianina de forma simultània | C60: FTA | D60: 2.75
B61: 1.2. Documentació gràfica i de pre-instal·lacions | D61: =SUM(D62:D71) -> 1.15
B62: Característiques d'obligat compliment: les ofertes que no compleixin tots els requisits obligatoris quedaran excloses
A63: =A60+1 -> 38 | B63: S'adjunta amb la documentació de la licitació un plànol base de l'àrea quirúrgica en format CAD, PDF i 3D. Per part de les empreses, cal aportar un plànol en PDF amb la implantació de l'equipament ofert als espais on anirà instal·lat. S'han de poder apreciar les alçades, dimensions, radis de gir, possibles col·lisions, visió del personal a l'interior de les sales i altres elements existents a la sala. Presentar proposta d'implantació.
A64: =A63+1 -> 39 | B64: Cal incloure plànols o esquemes d’instal·lació estàndard
A65: =A64+1 -> 40 | B65: Cal presentar esquema detallat dels ancoratges estàndards a sostre i acabats de l'embellidor
A66: =A65+1 -> 41 | B66: En cas que fos necessari obrir el fas sostre per la instal·lació, l'adjudicatari es farà càrrec del tancament de sostre i col·locació del embellidor
A67: =A66+1 -> 42 | B67: Detall de la distribució i ordenació del cablejat interior
A68: =A67+1 -> 43 | B68: Instal·lació HDMI/DVI/3G-SDI/12G-SDI per a la instal·lació de braç portamonitor
B69: Característiques a valorar
A70: =A68+1 -> 44 | B70: Inclusió d'arxiu de simulació tridimensional (no imatges) | C70: MP, E | D70: 0.15
A71: =A70+1 -> 45 | B71: Millor implantació del sistema. Detall i contingut del planning del qual es desprèn la proposta que s'ofereix. | C71: IAE, E | D71: 1
B73: Servei tècnic durant el període de garantia comercial i legal | C73: Grup de criteri | D73: Puntuació màxima | E73: Característiques específiques (Descripció breu) | F73: Índex documental
B74: Servei tècnic durant el període de garantia | D74: =SUM(D75:D79) -> 0.75
B75: Característiques d'obligat compliment: les ofertes que no compleixin tots els requisits obligatoris quedaran excloses
A76: =A71+1 -> 46 | B76: Veure Annex T2. Condicions d'instal·lació
B77: Característiques a valorar
A78: =A76+1 -> 47 | B78: Millora de l'horari d'atenció del servei tècnic en dies laborables/festius | C78: QSPV | D78: 0.25
A79: =A78+1 -> 48 | B79: Ubicació i disponibilitat de tècnics especialitzats en l'equip | C79: QSPV | D79: 0.5
B81: ATENCIÓ: Al sobre B NO s'ha de mencionar la informació relativa als criteris que s'avaluen al sobre C
F82: Anar al full Annex B

Sheet 1520010130
A1: 1520010130 | B1: Llum quirúrgic amb braç per pantalla de protecció plomada
A2: ='Annex B'!C1 -> SCS-2027-7 | B2: EMPRESA | C2: ='Annex B'!F1 -> Nom a emplenar per l'empresa
B3: NIF | C3: ='Annex B'!F2 -> NIF a emplenar per l'empresa
B4: Correu electrònic | C4: ='Annex B'!F3 -> Correu electrònic a emplenar per l'empresa
A5: Nota: a la columna "Índex documental", cal indicar la ubicació exacta a la documentació aportada (full, apartat, etc.) on es troben les característiques tècniques així com, si es requereix, el servei tècnic i les condicions de manteniment. A la columna "Característiques específiques (Descripció breu)" cal afegir una breu descripció i els valors, rangs o quantitats que demana cada ítem de la fitxa tècnica.
B6: Definició | E6: Característiques específiques (Descripció breu) | F6: Índex documental
B7: Definició
B8: Llum quirúrgic de 150.000 lux suspès a sostre amb pantalla radioprotectora
B9: Previsió d'entrega per anualitat: Tot a 2027: 2 llums amb braç per pantalla de protecció plomada
B10: Cal incloure el catàleg complet d'accessoris compatibles amb l'equip i opcions, indicant el preu unitari s/IVA
B11: L'adjudicatari d'aquest element s'haurà de coordinar amb l'adjudicatari del sistema d'integració i audiovisuals per tal de garantir el pas de cablejat dins dels llums, i amb el del panell tècnic per tal de deixar l'espai i cablejat necessari per al mateix.
B12: L'adjudicatari de l'equip haurà de coordinar-se amb l'obra i altres empreses adjudicatàries d'equipament amb interferència amb obra en el moment de la instal·lació, per garantir la correcta instal·lació del conjunt d'equipament i un òptim funcionament assistencial.
B13: Un cop signat el contracte es farà una primera reunió de coordinació entre adjudicatari i obra per establir els requeriments de preinstal·lació de l'equip que afecten a l'obra. Si en el moment d'instal·lar l'equip cal fer adequacions a la sala i aquestes no es van especificar a la reunió de coordinació, les haurà d'assumir l'adjudicatari.
B14: Adjuntar certificat CE
B15: Indicar marca i model | E15: ='Annex B'!F16 -> Marca/Model a emplenar per l'empresa
B17: Prestacions tècniques i funcionals | C17: Grup de criteri | D17: Puntuació màxima | E17: Característiques específiques (Descripció breu) | F17: Índex documental
B18: 1.1. Característiques tècniques | D18: =SUM(D19:D55) -> 2.75
B19: Característiques d'obligat compliment: les ofertes que no compleixin tots els requisits obligatoris quedaran excloses
B20: Braç per llum:
A21: 1 | B21: Braç articulat de doble secció amb arc cardànic amb rotació de 360º, sense fi en eix vertical
A22: =A21+1 -> 2 | B22: El conjunt de les seccions ha de ser de 2.300mm de longitud aprox.
A23: =A22+1 -> 3 | B23: Braç de resort amb alçada regulable en un rang igual o superior +45º/-45º aproximadament
B24: Llums quirúrgics:
A25: =A23+1 -> 4 | B25: Tecnologia LED
A26: =A25+1 -> 5 | B26: Llum amb disseny que eviti la formació d'ombres, dispersió i concentració del feix de llum (Cal indicar la luminància amb una màscara, amb dues màscares, amb tub, amb tub+ màscara, i amb tub + 2 mascares (% respecte el EC))
A27: =A26+1 -> 6 | B27: Indicar diàmetre de la cúpula
A28: =A27+1 -> 7 | B28: Sistema d'alimentació de la làmpada 220-230V, amb fonts d'alimentació fora del quiròfan
A29: =A28+1 -> 8 | B29: Rendiment lumínic dels LED d'aproximadament el 85% o superior, i garantit durant un mínim de 50.000 h
A30: =A29+1 -> 9 | B30: La regulació de la intensitat de llum ha de ser contínua dins del rang propi de cada làmpada, amb control d'intensitat des de la làmpada, almenys del 25% fins a la màxima intensitat. Indicar-ne els punts de control: Paret, integració al panell tècnic
A31: =A30+1 -> 10 | B31: El llum ofert ha de tenir una il·luminació a 1m d'aproximadament 150.000 lux nominals sostinguts com a mínim a rang de temperatura de color entre 3800 i 5000 ºK
A32: =A31+1 -> 11 | B32: Factor de reproducció del color de 95 (Ra) aproximadament
A33: =A32+1 -> 12 | B33: Índex de rendiment particular superior a 90 (Ra) aproximadament
A34: =A33+1 -> 13 | B34: Indicar nombre de LEDs per cúpula
A35: =A34+1 -> 14 | B35: Il·luminació ambient, per procediments que requereixin d'intensitat lluminosa atenuada. Indicar rang d'intensitat en lux
A36: =A35+1 -> 15 | B36: Irradiació màxima de calor a 1 m < 600 W/m2
A37: =A36+1 -> 16 | B37: Relació calor-llum ≤ 5 mW/m2.lux
... A40: =A39+1 -> 19 | B40: S'haurà d'incloure preinstal·lació per càmera a cada làmpada, amb connexió sense fils. Ubicació de la càmera centrada, preferiblement
B41: Braç per pantalla radioprotectora
A42: =A40+1 -> 20 | B42: Braç articulat de doble secció amb arc cardànic amb rotació 360º
A43: =A42+1 -> 21 | B43: Inclosa pantalla de protecció equivalent a 0,5mmPb
A44: =A43+1 -> 22 | B44: Dimensions de la pantalla plomada d'aproximadament 750x600mm
A45: =A44+1 -> 23 | B45: El conjunt de les seccions ha de ser de 2.300mm de longitud aprox.
A46: =A45+1 -> 24 | B46: Els materials han de ser resistents, de fàcil neteja i amb els cantells arrodonits
A47: =A46+1 -> 25 | B47: El sistema ha de ser ergonòmic, ha de disposar d’un ajust dinàmic dels moviments de forma suau i frens per fricció.
B48: Característiques a valorar
A49: =A47+1 -> 26 | B49: Possibilitat d'incloure braços addicionals sense desmuntar cap element, ni obrir el sostre al mateix tub on s’han muntat la làmpada amb el portamonitor/pantalla plomada (inclusió del mecanisme, no braç). Explicar procediment. | C49: FTA, ANA | D49: 0.5
A50: =A49+1 -> 27 | B50: Major dotació de mànecs esterilitzables amb vapor a 135º (4 jocs per cúpula) | C50: ANA | D50: 0.25
A51: =A50+1 -> 28 | B51: Major durabilitat garantida dels elements LED i els seus elements de control, respecte a la mínima establerta (50.000 hores) | C51: RCV | D51: 0.5
A52: =A51+1 -> 29 | B52: Major temps de funcionament a la màxima potència sense pèrdua de capacitat lumínica (hores) | C52: FTA | D52: 0.5
A53: =A52+1 -> 30 | B53: Màxima atenuació de la funció de llum ambient per major adequació a cirurgies endoscòpiques, 500 lux o inferior | C53: FTA, ANA | D53: 0.5
A54: =A53+1 -> 31 | B54: Millor posicionament i versatilitat de la càmera. Incloure descripció i documentació gràfica. | C54: E, ANA | D54: 0.25
A55: =A54+1 -> 32 | B55: Capacitat de control des del sistema d'integració. Indicar amb quins sistemes d'integració del mercat és compatible. | C55: CSI | D55: 0.25
B56: 1.2. Documentació gràfica i de pre-instal·lacions | D56: =SUM(D57:D66) -> 0.35
B57: Característiques d'obligat compliment: les ofertes que no compleixin tots els requisits obligatoris quedaran excloses
A58: =A55+1 -> 33 | B58: S'adjunta amb la documentació de la licitació un plànol base de l'àrea quirúrgica en format CAD, PDF i 3D. Per part de les empreses, cal aportar un plànol en PDF amb la implantació de l'equipament ofert als espais on anirà instal·lat. S'han de poder apreciar les alçades, dimensions, radis de gir, possibles col·lisions, visió del personal a l'interior de les sales i altres elements existents a la sala. Presentar proposta d'implantació.
A59: =A58+1 -> 34 | B59: Cal incloure plànols o esquemes d’instal·lació estàndard
A60: =A59+1 -> 35 | B60: Cal presentar esquema detallat dels ancoratges estàndards a sostre i acabats de l'embellidor
A61: =A60+1 -> 36 | B61: En cas que fos necessari obrir el fas sostre per la instal·lació, l'adjudicatari es farà càrrec del tancament de sostre i col·locació del embellidor
A62: =A61+1 -> 37 | B62: Detall de la distribució i ordenació del cablejat interior
A63: =A62+1 -> 38 | B63: Instal·lació HDMI/DVI/3G-SDI/12G-SDI per a la instal·lació de braç portamonitor
B64: Característiques a valorar
A65: =A63+1 -> 39 | B65: Inclusió d'arxiu de simulació tridimensional (no imatges) | C65: MP, E | D65: 0.1
A66: =A65+1 -> 40 | B66: Millor implantació del sistema. Detall i contingut del planning del qual es desprèn la proposta que s'ofereix. | C66: IAE, E | D66: 0.25
B68: Servei tècnic durant el període de garantia comercial i legal | C68: Grup de criteri | D68: Puntuació màxima | E68: Característiques específiques (Descripció breu) | F68: Índex documental
B69: Servei tècnic durant el període de garantia | D69: =SUM(D70:D74) -> 0.75
B70: Característiques d'obligat compliment: les ofertes que no compleixin tots els requisits obligatoris quedaran excloses
A71: =A66+1 -> 41 | B71: Veure Annex T2. Condicions d'instal·lació
B72: Característiques a valorar
A73: =A71+1 -> 42 | B73: Millora de l'horari d'atenció del servei tècnic en dies laborables/festius | C73: QSPV | D73: 0.25
A74: =A73+1 -> 43 | B74: Ubicació i disponibilitat de tècnics especialitzats en l'equip | C74: QSPV | D74: 0.5
B76: ATENCIÓ: Al sobre B NO s'ha de mencionar la informació relativa als criteris que s'avaluen al sobre C
F77: Anar al full Annex B

Sheet 1590011300
A1: 1590011300 | B1: Braç motoritzat suspès a sostre per a monitor (fins a 60")
A2: ='Annex B'!C1 -> SCS-2027-7 | B2: EMPRESA | C2: ='Annex B'!F1 -> Nom a emplenar per l'empresa
B3: NIF | C3: ='Annex B'!F2 -> NIF a emplenar per l'empresa
B4: Correu electrònic | C4: ='Annex B'!F3 -> Correu electrònic a emplenar per l'empresa
A5: Nota: a la columna "Índex documental", cal indicar la ubicació exacta a la documentació aportada (full, apartat, etc.) on es troben les característiques tècniques així com, si es requereix, el servei tècnic i les condicions de manteniment. A la columna "Característiques específiques (Descripció breu)" cal afegir una breu descripció i els valors, rangs o quantitats que demana cada ítem de la fitxa tècnica.
B6: Definició | E6: Característiques específiques (Descripció breu) | F6: Índex documental
B7: Definició
B8: Braç portamonitor motoritzat per monitors d'angiògraf vascular de fins a 60"
B9: Previsió d'entrega per anualitat: Tot a 2027: 2 braços portamonitors motoritzats
B10: Cal incloure el catàleg complet d'accessoris compatibles amb l'equip i opcions, indicant el preu unitari s/IVA
B11: L'adjudicatari de l'equip haurà de coordinar-se amb l'obra i altres empreses adjudicatàries d'equipament amb interferència amb obra en el moment de la instal·lació, per garantir la correcta instal·lació del conjunt d'equipament i un òptim funcionament assistencial.
B12: Un cop signat el contracte es farà una primera reunió de coordinació entre adjudicatari i obra per establir els requeriments de preinstal·lació de l'equip que afecten a l'obra. Si en el moment d'instal·lar l'equip cal fer adequacions a la sala i aquestes no es van especificar a la reunió de coordinació, les haurà d'assumir l'adjudicatari.
B13: Adjuntar certificat CE
B14: Indicar marca i model | E14: ='Annex B'!F17 -> Marca/Model a emplenar per l'empresa
B16: Prestacions tècniques i funcionals | C16: Grup de criteri | D16: Puntuació màxima | E16: Característiques específiques (Descripció breu) | F16: Índex documental
B17: 1.1. Característiques tècniques | D17: =SUM(D18:D34) -> 3
B18: Característiques d'obligat compliment: les ofertes que no compleixin tots els requisits obligatoris quedaran excloses
A19: 1 | B19: Braç articulat de doble secció
A20: =A19+1 -> 2 | B20: Amb capacitat per allotjar monitor de fins a 60" (no inclòs a l'oferta, caldrà coordinar-se amb l'adjudicatari del monitor i proporcionar tota la informació necessària per la seva fixació al braç)
A21: =A20+1 -> 3 | B21: Capacitat de càrrega superior a 180kg
A22: =A21+1 -> 4 | B22: El conjunt de les seccions ha de ser de 2.000mm de longitud aprox.
A23: =A22+1 -> 5 | B23: Rang de gir a totes les articulacions mínim de 330º
A24: =A23+1 -> 6 | B24: Rang de moviment en alçada del braç motoritzat 29º/-23º aprox.
A25: =A24+1 -> 7 | B25: Ajustament d'alçada mínim de 500mm
A26: =A25+1 -> 8 | B26: Adaptador per a marc de monitor 60” per al monitor de l’angiògraf.
A27: =A26+1 -> 9 | B27: Frens de fricció de fàcil instal·lació i manteniment. Que ocupin poc espai dins columna.
A28: =A27+1 -> 10 | B28: 3 nanses col·locades a sota i als dos costats del marc porta monitor, per a un fàcil accés i col·locació del monitor
A29: =A28+1 -> 11 | B29: S'adjunta amb la documentació de la licitació un plànol base de l'àrea quirúrgica en format CAD, PDF i 3D. Per part de les empreses, cal aportar un plànol en PDF amb la implantació de l'equipament ofert als espais on anirà instal·lat. S'han de poder apreciar les alçades, dimensions, radis de gir, possibles col·lisions, visió del personal a l'interior de les sales i altres elements existents a la sala. Presentar proposta d'implantació.
B30: Característiques a valorar
A31: =A29+1 -> 12 | B31: Possibilitat d'incorporar monitor de 65" | C31: ANA, E | D31: 1
A32: =A31+1 -> 13 | B32: Frens electromagnètics | C32: FTA | D32: 1
A33: =A32+1 -> 14 | B33: Inclusió d'arxiu de simulació tridimensional (no imatges) | C33: MP, E | D33: 0.25
A34: =A33+1 -> 15 | B34: Millor implantació del sistema. Detall i contingut del planning del qual es desprèn la proposta que s'ofereix. | C34: IAE, E | D34: 0.75
B36: Servei tècnic durant el període de garantia comercial i legal | C36: Grup de criteri | D36: Puntuació màxima | E36: Característiques específiques (Descripció breu) | F36: Índex documental
B37: Servei tècnic durant el període de garantia | D37: =SUM(D38:D42) -> 0.75
B38: Característiques d'obligat compliment: les ofertes que no compleixin tots els requisits obligatoris quedaran excloses
A39: =A34+1 -> 16 | B39: Veure Annex T2. Condicions d'instal·lació
B40: Característiques a valorar
A41: =A39+1 -> 17 | B41: Millora de l'horari d'atenció del servei tècnic en dies laborables/festius | C41: QSPV | D41: 0.25
A42: =A41+1 -> 18 | B42: Ubicació i disponibilitat de tècnics especialitzats en l'equip | C42: QSPV | D42: 0.5
B44: ATENCIÓ: Al sobre B NO s'ha de mencionar la informació relativa als criteris que s'avaluen al sobre C
F45: Anar al full Annex B

Sheet 1590010701
A1: 1590010701 | B1: Càmera de vídeo per a quiròfan
A2: ='Annex B'!C1 -> SCS-2027-7 | B2: EMPRESA | C2: ='Annex B'!F1 -> Nom a emplenar per l'empresa
B3: NIF | C3: ='Annex B'!F2 -> NIF a emplenar per l'empresa
B4: Correu electrònic | C4: ='Annex B'!F3 -> Correu electrònic a emplenar per l'empresa
A5: Nota: a la columna "Índex documental", cal indicar la ubicació exacta a la documentació aportada (full, apartat, etc.) on es troben les característiques tècniques així com, si es requereix, el servei tècnic i les condicions de manteniment. A la columna "Característiques específiques (Descripció breu)" cal afegir una breu descripció i els valors, rangs o quantitats que demana cada ítem de la fitxa tècnica.
B6: Definició | E6: Característiques específiques (Descripció breu) | F6: Índex documental
B7: Definició
B8: Càmera Full HD de grau mèdic per a instal·lar a qualsevol cúpula quirúrgica oferta en aquest lot
B9: Previsió d'entrega per anualitat: Tot a 2027: 5 càmeres per a quiròfan
B10: L'adjudicatari de l'equip haurà de coordinar-se amb l'obra i altres empreses adjudicatàries d'equipament amb interferència amb obra i integració i audiovisuals en el moment de la instal·lació, per garantir la correcta instal·lació del conjunt d'equipament i un òptim funcionament assistencial.
B11: Adjuntar certificat CE
B12: Indicar marca i model | E12: ='Annex B'!F18 -> Marca/Model a emplenar per l'empresa
B14: Prestacions tècniques i funcionals | C14: Grup de criteri | D14: Puntuació màxima | E14: Característiques específiques (Descripció breu) | F14: Índex documental
B15: 1.1. Característiques tècniques | D15: =SUM(D16:D27) -> 3
B16: Característiques d'obligat compliment: les ofertes que no compleixin tots els requisits obligatoris quedaran excloses
A17: 1 | B17: Vídeo càmera de grau mèdic Full HD o superior
A18: =A17+1 -> 2 | B18: Connexió sense fils
A19: =A17+1 -> 2 | B19: Funda protectora esterilitzable
A20: =A18+1 -> 3 | B20: Pes sense funda protectora esterilitzable < 1 kg
A21: =A20+1 -> 4 | B21: Freqüència de transmissió que no interfereixi amb la resta de senyals
A22: =A21+1 -> 5 | B22: Zoom total de fins a x50
A23: =A22+1 -> 6 | B23: S'haurà de poder integrar la càmera a cada làmpada del quiròfan, amb connexió al respectiu receptor i possibilitat de fins a 2 càmeres de forma simultània al mateix quiròfan.
A24: =A23+1 -> 7 | B24: Amb sortida directa HDMI Versió 1.4
B25: Característiques a valorar
A26: =A24+1 -> 8 | B26: Facilitat d'intercanvi de càmeres entre els diferents llums quirúrgics | C26: IAE | D26: 1.5
A27: =A26+1 -> 9 | B27: Menor pes de les càmeres | C27: FTA | D27: 1.5
B29: Servei tècnic durant el període de garantia comercial i legal | C29: Grup de criteri | D29: Puntuació màxima | E29: Característiques específiques (Descripció breu) | F29: Índex documental
B30: Servei tècnic durant el període de garantia | D30: =SUM(D31:D35) -> 0.75
B31: Característiques d'obligat compliment: les ofertes que no compleixin tots els requisits obligatoris quedaran excloses
A32: =A27+1 -> 10 | B32: Veure Annex T2. Condicions d'instal·lació
B33: Característiques a valorar
A34: =A32+1 -> 11 | B34: Millora de l'horari d'atenció del servei tècnic en dies laborables/festius | C34: QSPV | D34: 0.25
A35: =A34+1 -> 12 | B35: Ubicació i disponibilitat de tècnics especialitzats en l'equip | C35: QSPV | D35: 0.5
B37: ATENCIÓ: Al sobre B NO s'ha de mencionar la informació relativa als criteris que s'avaluen al sobre C
F38: Anar al full Annex B

Sheet 7718010400
A1: 7718010400 | B1: Sistema d'integració audiovisual de quiròfans amb gravació
A2: ='Annex B'!C1 -> SCS-2027-7 | B2: EMPRESA | C2: ='Annex B'!F1 -> Nom a emplenar per l'empresa
B3: NIF | C3: ='Annex B'!F2 -> NIF a emplenar per l'empresa
B4: Correu electrònic | C4: ='Annex B'!F3 -> Correu electrònic a emplenar per l'empresa
A5: Nota: a la columna "Índex documental", cal indicar la ubicació exacta a la documentació aportada (full, apartat, etc.) on es troben les característiques tècniques així com, si es requereix, el servei tècnic i les condicions de manteniment. A la columna "Característiques específiques (Descripció breu)" cal afegir una breu descripció i els valors, rangs o quantitats que demana cada ítem de la fitxa tècnica.
B6: Definició | E6: Característiques específiques (Descripció breu) | F6: Índex documental
B7: Definició
B8: Sistema d'integració audio-visual per a 16 quiròfans. El sistema ha de ser modular i escalable.
B9: Previsió d'entrega per anualitat: 2027: integració completa de 10 quiròfans i preinstal·lació de tots els quiròfans (16). Per preinstal·lació s'entén tot el cablejat i elements imprescindibles que impliquin realització de pols, com registres / forats per entrades o sortides de cablejat associat a connexió de hardware, suports, tapes cegues (si escau, per cobrir aquests registres i cablejat fins el moment d'instal·lar el hardware), etc. 2028: integració de 6 quiròfans (exceptuant la preinstal·lació, preveient que ja s'haurà fet l'any 2027)
B10: Cal adjuntar document amb la relació clara de feines i elements que es consideren dins de la preinstal·lació, segons la definició del punt anterior.
B11: Connexió amb fibra òptica del sistema d'integració audiovisual dels 16 quiròfans de P3 al seus racks corresponents (s'han d'incloure els racks necessaris), ubicats a sala tècnica que es troba a la planta superior (P4), a una distància màxima aproximada de 50 metres del punt més allunyat del quiròfan. S'adjunten plànols amb les ubicacions dels quiròfans i sala tècnica.
B12: Cal presentar una memòria tècnica del projecte complet on s'indiquin clarament i detalladament les funcions demanades, esquemes, equipaments, funcionalitats i aplicacions oferts.
B13: Cal definir les característiques tècniques de cadascun dels equips o elements que componen la integració (indicar marques, models i adjuntar product data) i la funcionalitat associada (inclòs el programari), així com els esquemes de les interconnexions detallades per a cada funció sol·licitada. (enrutament, connexió PACS, enrutament CPD...)
B14: Es presentarà descripció i esquema unifiliar i de connexions detallat de tots els elements i racks que componen el sistema d'integració.
B15: L'adjudicatari d'aquest concurs s'haurà de coordinar amb els adjudicataris de les suspensions a sostre, torretes, angiògraf, panell tècnic, etc. per indicar i coordinar senyals, posicions, dimensions i cablejats necessaris per connectar el sistema d'integració, entre d'altres. També amb l'obra per tal d'indicar l'espai que ocuparà i les instal·lacions que requereixen, així com el punt de col·locació que es determinarà juntament amb l'Hospital.
B16: El projecte ha de ser claus en mà, s'inclou cablejat, obertura de forats, obertura i tapat de cels rasos, canals portacables, electrònica, racks, posada en marxa, etc.
B17: Un cop signat el contracte es farà una primera reunió de coordinació entre adjudicatari i obra per establir els requeriments de preinstal·lació de l'equip que afecten a l'obra. Si en el moment d'instal·lar l'equip cal fer adequacions a la sala i aquestes no es van especificar a la reunió de coordinació, les haurà d'assumir l'adjudicatari.
B18: Abans de la implantació del sistema es farà un replanteig amb l'hospital per assegurar que la configuració és correcte. Si fos necessari un tipus de senyal diferent de l'indicat, s'haurà de canviar/afegir en funció de la necessitat final dels equips segons indicacions de l'Hospital
B19: Indicar marca i model | E19: ='Annex B'!F19 -> Marca/Model a emplenar per l'empresa
B21: Prestacions tècniques i funcionals | C21: Grup de criteri | D21: Puntuació màxima | E21: Característiques específiques (Descripció breu) | F21: Índex documental
B22: 1.1. Característiques bàsiques del sistema d'integració audiovisual | D22: =SUM(D23:D52) -> 27.5
B23: Característiques d'obligat compliment: les ofertes que no compleixin tots els requisits obligatoris quedaran excloses
A24: 1 | B24: En total s'han d'integrar 16 quiròfans, dels quals:
A25: =A24+1 -> 2 | B25: 14 quiròfans multidisciplinars
A26: =A25+1 -> 3 | B26: 1 quiròfan híbrid (vascular)
A27: =A26+1 -> 4 | B27: 1 quiròfan neurocirurgia
A28: =A27+1 -> 5 | B28: Es dotarà d'un sistema musical integrat amb el sistema d'integració i connectat amb el sistema d'àudio, que permeti la connexió sense fil tipus Bluetooth i amb opció de connexió física mitjançant connector minijack
A29: =A28+1 -> 6 | B29: Els ordinadors d'infermeria seran PCs de grau mèdic, subministrats, instal·lats i maquetats per l'Hospital o una altra empresa. El sistema d'integració haurà de permetre la projecció en panell tècnic d'informació del HIS/RIS o imatges del PACS, de forma simultània i independent del PC. Si fos necessari, l'adjudicatari haurà d'incloure el maquinari (hardware) extern que sigui necessari per la seva integració amb el sistema audiovisual
A30: =A29+1 -> 7 | B30: La videoconferència s'haurà d'efectuar a través de la plataforma corporativa de l'Hospital (MS Teams), acceptant addicionalment també plataformes pròpies o basades en el núvol per comunicar el quiròfan amb qualsevol punt de l'Hospital o extern. Ha de permetre enviar per videoconferència qualsevol imatge integrada al sistema o bé la imatge composta. Ha de ser possible la videoconferència concurrent dels 16 quiròfans
A31: =A30+1 -> 8 | B31: Sistema d’integració d’imatges i dades, així com gestió de videoconferència unificat des d'un punt de control a cada quiròfan, amb pantalla tàctil d'aproximadament 24", a paret a banda del panell tècnic, preferiblement empotrat. Cal incloure un layout de la pantalla principal de comandament i explicar el funcionament del sistema.
A32: =A31+1 -> 9 | B32: Es dotarà mínim dos fibres fosques addicionals per cada quiròfan per tal de preveure futurs equipaments, o sistemes equivalents
A33: =A32+1 -> 10 | B33: Totes les fibres hauran de quedar ben recollides a la sala tècnica, en una caixa tancada o bé a l'interior del rack. Tots els cables hauran de quedar ben identificats i ben pentinats, segons nomenclatura acordada amb l'Hospital. Les fibres fosques es col·locaran a les torretes del quiròfan.
A34: =A33+1 -> 11 | B34: S'ha d'incorporar l'equipament, cablejat, electrònica, racks, servidors, etc. necessaris per a la instal·lació dins de les sales i la sala tècnica segons les característiques demanades.
A35: =A34+1 -> 12 | B35: Composició de vàries senyals en una mateixa pantalla, com a mínim 2. Indicar nombre de senyals que es poden compondre.
A36: =A35+1 -> 13 | B36: Capacitat de dur a terme una gravació com a mínim en FHD
... A39: =A38+1 -> 16 | B39: La xarxa implementada ha de ser per vídeo IP, garantint la transmissió i distribució de vídeo sense compressió i amb màxima qualitat d'imatge. Mínima latència (indicar)
B40: Característiques a valorar
A41: =A39+1 -> 17 | B41: Arquitectura i components estàndards del mercat que permetin la total gestió del sistema per l'Hospital, sense sistemes exclusius | C41: FTA/ANA | D41: 2
A42: =A41+1 -> 18 | B42: Integració al PACS de l'Hospital mitjançant protocol DICOM. Tots els fitxers generats es poden transformar a format DICOM 3.0, suportant DICOM Worklist. Cal adjuntar el DICOM conformance statement. | C42: CSI | D42: 4
A43: =A42+1 -> 19 | B43: Sistemes de seguretat per evitar caigudes totals del sistema (arquitectura de la solució, sistemes redundants, connexions directes d'emergència, etc.). Cal explicar totes aquestes mesures i els plans de contingència o de desplegament que contempla el licitador per fer el sistema més segur | C43: SP | D43: 3
A44: =A43+1 -> 20 | B44: Inclusió conjunta de les dues opcions de gravació requerides: servidor físic i gravadores individuals. -En el cas que l'opció de gravació ofertada sigui servidor físic per a gravació, es valorarà incloure un parell (2u) de gravadores individuals addicionals, per ubicar als quiròfans que indiqui l'hospital en el moment de la instal·lació. Cal indicar quantes gravadores físiques s'ofereixen, amb capacitat d'emmagatzematge, possibilitats en l'accés a la informació i la resta de característiques. -En el cas que l'opció de gravacio ofertada siguin gravadores individuals per cada quiròfan, es valorarà incloure també servidor físic. Si només s'inclouen gravadores individuals, no s'obtindrà la puntuació d'aquest criteri | C44: FTA | D44: 1
A45: =A44+1 -> 21 | B45: El sistema permet, i està inclòs a la oferta en cas de que l'adjudicatari final de l'equipament sigui compatible, el control d'altres tipologies d'equipaments presents a quiròfan sense perdre les funcionalitats intrínseques del control del propi equivalent. Especialment llum quirúrgic i taula quirúrgica, indicar també si permet el control d'altres elements. Indicar per cadascuna de les tipologies d'equipament que es pugui controlar, les marques i models compatibles amb el sistema ofertat, i detallar el nivell de control que es permet. | C45: ANA | D45: 4
A46: =A45+1 -> 22 | B46: Modularitat i escalabilitat de la solució d'integració. Valoració del grau d'escalabilitat d'àudio i de vídeo. Cal indicar el número màxim de senyals d'entrada i sortida simultànies assolibles amb ampliacions del sistema, així com si es deixa espai en racks ofertats, per a quants senyals d'ampliació, i cost posterior per a l'ampliació de cadascun dels components | C46: FTA/ANA | D46: 2.5
A47: =A46+1 -> 23 | B47: Pantalla de control: Es valoraran les possibilitats de personalització i usabilitat de l'entorn. | C47: ANA | D47: 2
A48: =A47+1 -> 24 | B48: Composició de més de 2 senyals en una mateixa pantalla. Indicar nombre de senyals que es poden compondre. | C48: ANA | D48: 2
A49: =A48+1 -> 25 | B49: Els sistemes suporten la integració de senyals 3D | C49: FTA | D49: 1
A50: =A49+1 -> 26 | B50: Possibilitat que l'enregistrament del vídeo es pugui programar per començar abans que l'usuari premi el botó d'enregistrament, permetent enregistrar els moments clau que es poden arribar a perdre per no reaccionar a temps. | C50: ANA | D50: 1
A51: =A50+1 -> 27 | B51: Possibilitat d'incloure preajustaments establerts personalitzables per a l'encaminament dels senyals de vídeo seleccionats als diferents monitors en funció de l'especialitat quirúrgica, per obtenir una assignació ràpida en escenaris predefinits. | C51: ANA | D51: 2
A52: =A51+1 -> 28 | B52: Altres programaris, aplicacions o funcionalitats addicionals del gestor audiovisual que impliquin un valor afegit. Per exemple, entre altres: checklist de seguretat quirúrgica (personalitzable i exportable), sobreimpressió de dades del pacient a la imatge, funció negatoscopi (posada en blanc dels monitors), botó d'encesa remot des de l'interior del quiròfan... detallar | C52: ANA | D52: 3
B53: 1.2. Equipament a incloure amb el sistema d'integració audiovisual | D53: =SUM(D54:D71) -> 4
B54: Característiques d'obligat compliment: les ofertes que no compleixin tots els requisits obligatoris quedaran excloses
B55: Equipament mínim a incloure a cadascun dels quiròfans multidisciplinars (14 quiròfans) i de neurocirurgia (1 quiròfan)
A56: =A52+1 -> 29 | B56: — 2 monitors 4k de grau mèdic d'aproximadament 32", per penjar a braços suspesos a sostre amb suport VESA.
A57: =A56+1 -> 30 | B57: — 1 pantalla tàctil de control centralitzada, de grau mèdic FHD d'aproximadament 24", relació d'aspecte de 16:9 i un angle de visió d'aproximadament 178º, a paret a banda del panell tècnic, preferiblement empotrat
A58: =A57+1 -> 31 | B58: — Sistema d’àudio amb mínim 3 altaveus incorporats instal·lats al sostre (cal incloure'ls), d'alta qualitat, amb carcassa protectora.
A59: =A58+1 -> 32 | B59: — Sistema de microfonia sense fil (micròfon tipus solapa, per col·locar a la mascareta o altres sistemes equivalents) amb tot el sistema necessari per gestionar els senyals, apte per a quiròfans. Els micròfons se sintonitzaran en bandes de freqüència diferenciades per a cada quiròfan. 2 unitats per quiròfan.
A60: =A59+1 -> 33 | B60: — Sistema de gravació de grau mèdic
A61: =A60+1 -> 34 | B61: —1 càmera ambient PTZ motoritzada FHD, amb zoom òptic. Amb totes les entrades, sortides, ports, còdecs i tots els elements necessaris per al correcte funcionament
B62: Equipament mínim a incloure al quiròfan híbrid (1 quiròfan)
A63: =A61+1 -> 35 | B63: — 1 pantalla tàctil de control centralitzada, de grau mèdic FHD d'aproximadament 24", relació d'aspecte de 16:9 i un angle de visió d'aproximadament 178º, a paret a banda del panell tècnic, preferiblement empotrat
A64: =A63+1 -> 36 | B64: — Sistema d’àudio amb mínim 3 altaveus incorporats instal·lats al sostre (cal incloure'ls), d'alta qualitat, amb carcassa protectora.
A65: =A64+1 -> 37 | B65: — Sistema de microfonia sense fil (micròfon tipus solapa, per col·locar a la mascareta o altres sistemes equivalents) amb tot el sistema necessari per gestionar els senyals, apte per a quiròfans. Els micròfons se sintonitzaran en bandes de freqüència diferenciades per a cada quiròfan. 2 unitats per quiròfan.
A66: =A65+1 -> 38 | B66: — Sistema de gravació de grau mèdic
A67: =A66+1 -> 39 | B67: —1 càmera ambient PTZ motoritzada FHD, amb zoom òptic. Amb totes les entrades, sortides, ports, còdecs i tots els elements necessaris per al correcte funcionament
B68: Característiques a valorar
A69: =A67+1 -> 40 | B69: Qualitat i arquitectura del sistema de microfonia ofert | C69: FTA | D69: 1.5
A70: =A69+1 -> 41 | B70: Sistema de microfonia a sostre direccionat, addicional als micròfons sense fil demanats | C70: FTA | D70: 2
A71: =A70+1 -> 42 | B71: Els micròfons sense fil ofertats permeten ser utilitzats o bé amb la bateria (recarregable) o, en el cas que la bateria es descarregui durant el seu ús, continuar treballant amb piles estàndard. De manera que el professional pot escollir entre les 2 opcions en qualsevol moment. Indicar tipus i quantitat de piles. | C71: ANA | D71: 0.5
B72: 1.3. Senyals d'entrada i sortida del sistema d'integració audiovisual | D72: =SUM(D73:D124) -> 7.5
B73: Característiques d'obligat compliment: les ofertes que no compleixin tots els requisits obligatoris quedaran excloses
A74: =A71+1 -> 43 | B74: Les entrades/sortides demanades han de ser per a l'equipament definit per l'hospital, i totes hauran de portar els còdecs/decòdecs corresponents (excepte les corresponents a les fibres fosques). En cas de ser necessàries entrades/sortides per a la gestió o altres necessitats de la integració de l'oferta, s'hauran d'afegir a les demanades.
A75: =A74+1 -> 44 | B75: Els tipus de connectors per a entrades de vídeo a integrar seran digitals (HDMI, DVI o DP) i seran definits per part de l'Hospital prèviament a la instal·lació i s'instal·laran seguint les seves indicacions
A76: =A75+1 -> 45 | B76: L'adjudicatari haurà de subministrar els cables de vídeo per a tots els senyals definits a continuació. Els cables de vídeo seran de la longitud necessària, segons indiqui hospital (des de 20 cm fins a 4 metres) i han d'assegurar la qualitat del senyal definida per a cada equip. Per a l'equipament mòbil es subministraran cables addicionals per cada quiròfan, els que indiqui hospital i fins un màxim de 4 per quiròfan, amb els convertidors corresponents segons el tipus de connexió de l'equipament (a definir per l'Hospital).
A77: =A76+1 -> 46 | B77: En cas de ser necessaris adaptadors entre tipus de senyal de vídeo, l'adjudicatari els haurà de subministrar.
A78: =A77+1 -> 47 | B78: S'acceptarà la instal·lació dels codificadors d'alguna de les maneres següents: —Sobre els equips d'imatge (codificadors de grau mèdic) —Fixos a cada quiròfan a la part de darrere dels monitors (codificadors de grau mèdic) o integrats en els monitors —Subjectes a les torretes quirúrgiques (codificadors de grau mèdic o en compartiments estancs. No s'acceptarà dins la torreta) —Als racks de la sala tècnica L'adjudicatari serà responsable de la fixació dels codificadors, seguint bones pràctiques en la instal·lació d'elements a l'interior de quiròfan, mitjançant elements de subjecció de qualitat i adients.
A79: =A78+1 -> 48 | B79: Els senyals de la càmera endoscòpica tindran una línia directa amb un monitor del braç quirúrgic com a mesura de contingència davant qualsevol errada del sistema d'integració, línia de vida.
A80: =A79+1 -> 49 | B80: Cal presentar esquema complet de la solució indicant les entrades per als diferents perifèrics, així com les sortides cap als diferents elements. Cal indicar, així mateix, la qualitat del senyal, tipus de senyal i nombre de cables necessaris.
A81: =A80+1 -> 50 | B81: Capacitat de rebre/captar almenys dos senyals de forma simultània.
B82: Senyals d'entrada per cada quiròfan multidisciplinar (15 quiròfans)
A83: =A81+1 -> 51 | B83: Senyals d'entrada al sistema d'integració de vídeo i àudio:
A84: =A83+1 -> 52 | B84: —4 senyals FHD d'equips mèdics (connectors a torretes i panell tècnic)
A85: =A84+1 -> 53 | B85: —1 senyal 4K d'equip mèdic (connector a torreta)
A86: =A85+1 -> 54 | B86: —2 senyals FHD de les càmeres (connexió directa), una corresponent a la càmera PTZ (cal incloure-la) i l'altre a una càmera FHD instal·lada en la làmpada del quiròfan (la subministrada per l'empresa adjudicatària de les làmpades)
A87: =A86+1 -> 55 | B87: —2 senyals FHD per a 2 ordinadors d'infermeria, per carregar imatges del PACS o qualsevol aplicació (connexió directa). Ubicació prevista: un a panell tècnic i l'altre penjat de torreta
A88: =A87+1 -> 56 | B88: —2 senyals d'entrada d'àudio per als 2 ordinadors d'infermeria
A89: =A88+1 -> 57 | B89: —1 senyal del sistema de microfonia (connexió directa)
A90: =A89+1 -> 58 | B90: —1 senyal d'entrada d'àudio Bluetooth (connexió directa)
A91: =A90+1 -> 59 | B91: —2 senyals FHD lliures (connectors a torretes)
B92: Senyals d'entrada pel quiròfan híbrid i de neurocirurgia (2 quiròfans)
A93: =A91+1 -> 60 | B93: Senyals d'entrada al sistema d'integració de vídeo i àudio:
A94: =A93+1 -> 61 | B94: —7 senyals FHD d'equips mèdics (connectors a torretes i panell tècnic i en el cas de l'equip d'imatge d'angiografia, a sala tècnica de l'equip adjacent al quiròfan o on indiqui hospital/adjudicatari de l'angiògraf)
A95: =A94+1 -> 62 | B95: —1 senyal 4K d'equip mèdic (connector a torreta)
A96: =A95+1 -> 63 | B96: —2 senyals FHD de les càmeres (connexió directa), una corresponent a la càmera PTZ (cal incloure-la) i l'altre a una càmera FHD instal·lada en la làmpada del quiròfan (la subministrada per l'empresa adjudicatària de les làmpades)
A97: =A96+1 -> 64 | B97: —2 senyals FHD per a 2 ordinadors d'infermeria, per carregar imatges del PACS o qualsevol aplicació (connexió directa). Ubicació prevista: un a panell tècnic i l'altre penjat de torreta
A98: =A97+1 -> 65 | B98: —2 senyals d'entrada d'àudio per als 2 ordinadors d'infermeria
A99: =A98+1 -> 66 | B99: —1 senyal del sistema de microfonia (connexió directa)
A100: =A99+1 -> 67 | B100: —1 senyal d'entrada d'àudio Bluetooth (connexió directa)
A101: =A100+1 -> 68 | B101: —2 senyals FHD lliures (connectors a torretes)
B102: Senyals de sortida per cada quiròfan multidisciplinar (14 quiròfans) i quiròfan de neurocirurgia (1 quiròfan)
A103: =A101+1 -> 69 | B103: Senyals de sortida al sistema d'integració de vídeo i àudio:
...

Sheet Llegenda grup de criteri
B2: Grups de criteri a valorar
B3: Funcionalitat tècnica i assistencial dels equips | C3: FTA
B4: Connectivitat de l’equip als sistemes informàtics | C4: CSI
B5: Ergonomia | C5: E
B6: Rendiment del cicle de vida | C6: RCV
B7: Qualitat servei postvenda | C7: QSPV
B8: Seguretat del pacient i/o professional | C8: SP
B9: Adequació a les necessitats assistencials | C9: ANA
B10: Instal·lació i adequació a l'espai | C10: IAE
B11: Model de preinstal·lacions | C11: MP
B14: Anar al full Annex B
